 Dungeon Crawl Stone Soup version 0.19.5 (webtiles) character file.

177683 JeffiDaFish the Warrior (level 18, 0/120 HPs)
             Began as a Gargoyle Fighter on Oct 31, 2017.
             Was the Champion of Okawaru.
             Killed from afar by a shock serpent (18 damage)
             ... with an electric aura
             ... on level 4 of the Snake Pit on Nov 1, 2017.
             The game lasted 01:39:18 (32984 turns).

JeffiDaFish the Warrior (Gargoyle Fighter)         Turns: 32984, Time: 01:39:18

Health: 0/120      AC: 48    Str: 21    XL:     18   Next: 17%
Magic:  26/26      EV: 10    Int: 18    God:    Okawaru [******]
Gold:   2336       SH: 15    Dex: 15    Spells: 2 memorised, 20 levels left

rFire  . . .     SeeInvis .     Q - +9 morningstar of Lies {elec, *Drain Int+8 Stlth-}
rCold  + . .     Gourm    .     C - +2 crystal plate armour
rNeg   + . .     Faith    .     c - +1 shield
rPois  ∞         Spirit   .     L - +1 hat {MR+}
rElec  +         Reflect  .     M - +2 cloak {MR+}
rCorr  .         Harm     .     w - +0 pair of gloves (curse)
MR     +++..                    T - +1 pair of boots
Stlth  ..........               I - amulet of magic regeneration
                                B - +6 ring of evasion
                                u - ring of protection from cold

@: about to teleport, flying, very slightly contaminated, hasted, constricted,
studying Short Blades, very quick
A: big wings, negative energy resistance 1, electricity resistance, unbreathing,
petrification resistance, rot immunity, AC +13
a: Stop Flying, Heroism, Finesse, Renounce Religion


You were on level 4 of the Snake Pit.
You worshipped Okawaru.
Okawaru was exalted by your worship.
You were not hungry.

You visited 5 branches of the dungeon, and saw 28 of its levels.
You also visited: Sewer, Bailey and Ice Cave.

You collected 2812 gold pieces.
You spent 476 gold pieces at shops.

Inventory:

Hand Weapons
 K - a +3 eveningstar of protection
 Q - the +9 morningstar of Lies (weapon) {elec, *Drain Int+8 Stlth-}
   (Okawaru gifted it to you on level 15 of the Dungeon)

   Occasionally, upon striking a foe, it will discharge some electrical energy
   and cause terrible harm.
   It affects your intelligence (+8).
   It causes draining when unequipped.
   It makes you less stealthy.
Armour
 b - the +1 pair of boots of Xom's Whim {-Cast MR++ Slay+5}
   (You found it on level 4 of the Dungeon)

   It affects your accuracy and damage with ranged weapons and melee attacks
   (+5).
   It affects your resistance to hostile enchantments.
   It prevents spellcasting.
 c - a +1 shield (worn)
 w - a cursed +0 pair of gloves (worn)
 C - a +2 crystal plate armour (worn)
 L - a +1 hat of magic resistance (worn)
 M - a +2 cloak of magic resistance (worn)
 R - a +0 pair of boots
 T - a +1 pair of boots (worn)
Jewellery
 u - a ring of protection from cold (left hand)
 B - a +6 ring of evasion (right hand)
 I - an amulet of magic regeneration (around neck)
 O - an uncursed ring of protection from magic
Wands
 d - a wand of heal wounds (1/9)
 t - a wand of hasting (2/9)
Scrolls
 j - 6 scrolls of teleportation
 k - 10 scrolls of identify
 l - 2 scrolls of fear
 r - 15 scrolls of remove curse
 x - 4 scrolls of magic mapping
 y - 4 scrolls of amnesia
 G - 2 scrolls of recharging
 S - a scroll of fog
Potions
 e - 2 potions of cure mutation
 g - 2 potions of heal wounds
 h - 5 potions of haste
 i - a potion of resistance
 m - 3 potions of magic
 p - 13 potions of curing
 s - a potion of berserk rage
 v - 4 potions of brilliance
 A - 2 potions of invisibility
 H - 4 potions of agility
 J - 2 potions of might
 P - a potion of cancellation
Books
 a - a book of Cantrips

   Spells                             Type                      Level
   a - Confusing Touch                Hexes                        1
   b - Animate Skeleton               Necromancy                   1
   c - Summon Small Mammal            Summoning                    1
   d - Apportation                    Translocation                1
 D - a manual of Short Blades
 F - a book of Minor Magic

   Spells                             Type                      Level
   a - Magic Dart                     Conjuration                  1
   b - Blink                          Translocation                2
   c - Call Imp                       Summoning                    2
   d - Repel Missiles                 Charms/Air                   2
   e - Slow                           Hexes                        2
   f - Conjure Flame                  Conjuration/Fire             3
   g - Mephitic Cloud                 Conjuration/Poison/Air       3
 N - a book of the Earth

   Spells                             Type                      Level
   a - Leda's Liquefaction            Hexes/Earth                  4
   b - Bolt of Magma                  Conjuration/Fire/Earth       5
   c - Statue Form                    Transmutation/Earth          6
   d - Iron Shot                      Conjuration/Earth            6
   e - Shatter                        Earth                        9
Comestibles
 f - 12 bread rations
 n - 6 beef jerkies
 o - 10 meat rations
 q - 5 slices of pizza
 z - 5 royal jellies
 E - 38 fruits
 U - 4 chunks of flesh


   Skills:
 * Level 15.8 Fighting
 * Level 15.6 Maces & Flails
 * Level 15.5 Armour
 + Level 6.3 Dodging
 - Level 2.1 Stealth
 * Level 14.3 Shields
 + Level 5.3 Spellcasting
 - Level 4.0 Conjurations
 + Level 5.0 Translocations
 + Level 9.7 Invocations


You had 20 spell levels left.
You knew the following spells:

 Your Spells              Type           Power        Failure   Level  Hunger
a - Blink                 Tloc           N/A          95%         2    #......
b - Bolt of Magma         Conj/Fire/Erth #.........   100%        5    ######.


Dungeon Overview and Level Annotations

Branches:
Dungeon (15/15)            Temple (1/1) D:4            Lair (6/6) D:11
 Shoals (0/4) Lair:4        Snake (4/4) Lair:3        Slime (0/5) Lair:5
    Orc (2/2) D:12            Elf (0/3) Orc:2        Vaults (0/5) D:13
 Depths (0/5) D:15

Altars:
Ashenzari
Cheibriados
Dithmenos
Elyvilon
Fedhas
Gozag
Hepliaklqana
Kikubaaqudgha
Makhleb
Nemelex Xobeh
Okawaru
Qazlal
Ru
Sif Muna
Trog
Uskayaw
Vehumet
Xom
Yredelemnul
Zin
The Shining One
Beogh

Shops:
Orc:1 :   Orc:2 *!:([   Snake:2 *

Portals:
Pandemonium: Orc:2

Annotations:
Lair:5 exclusion: oklob plant


Innate Abilities, Weirdness & Mutations

You are resistant to torment.
Your stone body is resilient. (AC +13)
You are immune to poison.
Your large and strong wings let you fly indefinitely.
You resist negative energy. (rN+)
You are resistant to electric shocks. (rElec)
You can survive without breathing.
You are immune to petrification.
You are immune to rotting.


Message History

The naga closely misses you. The naga constricts you.
You hit the shock serpent.
The shock serpent is moderately wounded.
The shock serpent's electric aura discharges, shocking you!
You block the naga's attack. The naga closely misses you.
You miss the shock serpent.
The shock serpent is moderately wounded.
The shock serpent closely misses you.
The naga sharpshooter shoots an arrow.
You block the arrow. The naga spits poison at you.
The splash of poison hits you! You resist. The naga constricts you.
You puncture the shock serpent!
The shock serpent is heavily wounded.
The shock serpent's electric aura discharges, shocking you!
* * * LOW HITPOINT WARNING * * *
The shock serpent bites you but does no damage.
You bludgeon the shock serpent!!
The shock serpent is almost dead.
The shock serpent's electric aura discharges, shocking you!
You die...

##############
........)....#####
.........#.#.(...#
.......NN#N.......
........(@SN..(...
#....N)#####.....
#.....(# #..
#..#..(# #.....(#
#....))# ##. #
###.....(#####....
#.
................$
...
#.......(.....!..


You could see a naga sharpshooter, a shock serpent and 4 nagas.

Vanquished Creatures
  Vashnia (Snake:2)
  Jorgrun (Snake:4)
  Asterion (Snake:4)
  Gastronok (Lair:2)
  Roxanne (Snake:2)
  Kirke (Lair:6)
  10 nagarajas
  An orc warlord (D:12)
  Aizul (Snake:3)
  Azrael (Orc:2)
  Snorg (Lair:3)
  8 slime creatures
  11 naga warriors
  11 hydras
  An ice dragon (D:14)
  4 anacondas
  2 catoblepae (Lair:6)
  2 dancing weapons (D:13)
  4 orc high priests (Orc:2)
  Urug (Lair:4)
  11 naga sharpshooters
  A soul eater (Orc:2)
  2 shock serpents
  Sonja (Lair:1)
  A salamander mystic (Snake:3)
  The ghost of JeffiDaFish the Basher, a novice GrFi of Okawaru (D:8)
  5 skeletal warriors (D:14)
  A sixfirhy (Orc:2)
  2 unseen horrors (D:15)
  2 infernal demonspawn (Orc:2)
  A glowing orange brain (D:15)
  3 naga ritualists
  2 gelid demonspawn (Orc:2)
  Pikel (D:4)
  2 necromancers
  8 hill giants
  11 mana vipers
  8 orc sorcerers (Orc:2)
  5 cyclopes
  13 ugly things
  3 deep elf magi
  4 manticores
  A salamander (shapeshifter) (D:15)
  6 orc knights
  7 salamanders
  3 oklob plants
  3 elephants (Lair:6)
  The ghost of JeffiDaFish the Shield-Bearer, a novice GrFi (D:5)
  A siren (Lair:4)
  27 black mambas
  4 centaur skeletons
  7 guardian serpents
  An orange demon (Orc:2)
  A gargoyle (D:11)
  An ice statue (IceCv)
  18 spiny frogs
  17 naga magi
  A spiny frog (shapeshifter) (D:15)
  2 kobold demonologists (Bailey)
  5 efreet
  8 rime drakes
  11 komodo dragons
  2 tengu conjurers (D:13)
  An ice devil (Orc:2)
  10 freezing wraiths (IceCv)
  8 trolls
  5 polar bears
  A hornet (D:8)
  4 tyrant leeches (Lair:6)
  11 dream sheep
  15 blink frogs
  A meliai zombie (D:13)
  6 hippogriffs
  4 water elementals
  3 wyverns
  2 hogs (Lair:6)
  A vampire (D:11)
  4 fire elementals (Orc:2)
  A human (D:11)
  23 yaks
  A hungry ghost (D:7)
  Menkaure (D:4)
  A steam dragon (Lair:3)
  15 vampire mosquitoes
  4 basilisks
  3 wargs
  44 nagas
  13 water moccasins
  13 porcupines
  3 hell hounds (Orc:2)
  40 orc warriors
  A black bear (D:6)
  3 necrophages
  7 ice beasts
  2 sky beasts (D:12)
  A hornet zombie (D:9)
  An eye of draining (D:10)
  An alligator simulacrum (IceCv)
  2 phantoms
  11 ogres
  16 wolves
  9 centaurs
  13 crocodiles
  A crocodile (shapeshifter) (D:15)
  2 big kobolds
  31 bullfrogs
  A gnoll sergeant (D:9)
  A water moccasin skeleton (D:5)
  A wyvern skeleton (D:11)
  2 scorpions
  An elephant simulacrum (IceCv)
  An oklob sapling (D:8)
  4 killer bees (D:10)
  9 electric eels
  2 vampire bats (Lair:6)
  5 crimson imps
  3 centaur zombies
  The ghost of dog the Conjurer, a weakling DECj (D:3)
  A bullfrog zombie (D:8)
  2 quasits (D:9)
  4 draconian simulacra (IceCv)
  3 jellies
  25 orc priests
  6 hounds
  13 orc wizards
  3 bullfrog skeletons
  3 iguanas
  A spriggan simulacrum (IceCv)
  4 troll simulacra (IceCv)
  15 worker ants
  3 polar bear simulacra (Lair:6)
  2 yak simulacra (Lair:6)
  6 wolf simulacra
  5 centaur simulacra (IceCv)
  A hound skeleton (D:9)
  A worker ant zombie (D:8)
  8 gnolls
  5 naga simulacra (IceCv)
  An ogre simulacrum (IceCv)
  11 adders
  4 river rats (Sewer)
  3 shadow imps
  12 white imps (IceCv)
  4 oozes
  An adder zombie (D:6)
  An adder skeleton (D:9)
  3 worms
  2 dart slugs (D:2)
  4 leopard geckos
  80 orcs
  15 ball pythons
  8 giant cockroaches
  6 goblins
  20 hobgoblins
  7 jackals
  29 kobolds
  4 quokkas
  10 bats
  9 frilled lizards
  A giant cockroach zombie (D:5)
  A jackal skeleton (D:4)
  A jackal zombie (D:6)
  2 leopard gecko skeletons
  2 leopard gecko zombies (D:5)
  33 rats
  2 river rat simulacra (Lair:6)
  3 plants
1039 creatures vanquished.

Vanquished Creatures (collateral kills)
  A bullfrog (Lair:1)
1 creature vanquished.

Vanquished Creatures (others)
  A human (Lair:6)
  A slave (D:4)
  A jelly (D:15)
  An orc priest (D:4)
  An ooze (D:3)
  2 orcs (D:4)
  5 fungi
  18 plants
30 creatures vanquished.

Grand Total: 1070 creatures vanquished

Notes
Turn   | Place    | Note
-------+----------+-------------------------------------------
     0 | D:1      | JeffiDaFish the Gargoyle Fighter began the quest for the Orb.
     0 | D:1      | Reached XP level 1. HP: 14/14 MP: 1/1
   223 | D:1      | Reached XP level 2. HP: 19/19 MP: 2/2
   516 | D:1      | Reached XP level 3. HP: 22/23 MP: 3/3
  1165 | D:2      | Reached XP level 4. HP: 26/28 MP: 4/4
  1391 | D:2      | Found an iron altar of Okawaru.
  1446 | D:2      | Became a worshipper of Warmaster Okawaru
  1476 | D:2      | Gained mutation: You are somewhat resistant to further mutation. [potion of beneficial mutation]
  1836 | D:3      | Reached XP level 5. HP: 15/33 MP: 5/5
  2083 | D:3      | Noticed dog's ghost (weakling DECj)
  2086 | D:3      | Noticed an angel
  2094 | D:3      | Killed dog's ghost
  2166 | D:3      | Found a glowing silver altar of Zin.
  2194 | D:3      | Found a shimmering altar of Xom.
  2225 | D:3      | Found a blossoming altar of Fedhas.
  2909 | D:4      | Found a staircase to the Ecumenical Temple.
  2937 | Temple   | Entered the Ecumenical Temple
  3257 | D:4      | Found a sparkling altar of Nemelex Xobeh.
  3278 | D:4      | Reached skill level 1 in Dodging
  3278 | D:4      | Reached XP level 6. HP: 32/38 MP: 6/6
  3345 | D:4      | Noticed Pikel
  3345 | D:4      | Noticed a slave
  3345 | D:4      | Noticed a slave
  3345 | D:4      | Noticed a slave
  3346 | D:4      | Noticed a slave
  3356 | D:4      | Killed Pikel
  3356 | D:4      | Reached * piety under Okawaru
  3356 | D:4      | Reached skill level 5 in Shields
  3356 | D:4      | Reached XP level 7. HP: 39/44 MP: 7/7
  3409 | D:4      | Reached skill level 5 in Armour
  3415 | D:4      | Reached skill level 5 in Maces & Flails
  3456 | D:4      | Got a pair of bloodstained boots
  3462 | D:4      | Identified the +1 pair of boots of Xom's Whim {-Cast MR++ Slay+5} (You found it on level 4 of the Dungeon)
  3553 | D:4      | Found a glowing drain.
  3564 | Sewer    | Entered a sewer
  3620 | Sewer    | Reached ** piety under Okawaru
  3790 | Sewer    | Reached XP level 8. HP: 48/48 MP: 8/8
  4427 | D:4      | Reached skill level 5 in Fighting
  4433 | D:4      | Noticed Menkaure
  4443 | D:4      | Killed Menkaure
  4930 | D:4      | Reached skill level 1 in Stealth
  4996 | D:5      | Entered Level 5 of the Dungeon
  5312 | D:5      | Noticed JeffiDaFish's ghost (novice GrFi)
  5338 | D:5      | Killed JeffiDaFish's ghost
  5919 | D:6      | Reached XP level 9. HP: 54/54 MP: 9/9
  7065 | D:7      | Reached *** piety under Okawaru
  7712 | D:7      | You fall through a shaft for 3 floors!
  7712 | D:10     | Entered Level 10 of the Dungeon
  7725 | D:10     | Noticed a hill giant
  7742 | D:10     | Killed a hill giant
  7742 | D:10     | Reached **** piety under Okawaru
  7742 | D:10     | Reached XP level 10. HP: 36/61 MP: 4/10
  8672 | D:11     | Reached skill level 1 in Invocations
  8685 | D:11     | Noticed a deep elf mage
  8694 | D:11     | Killed a deep elf mage
  8924 | D:9      | Reached ***** piety under Okawaru
  9188 | D:9      | Found a flagged portal.
  9200 | Bailey   | Entered a bailey
  9252 | Bailey   | Found an iron altar of Okawaru.
  9252 | Bailey   | Noticed a kobold demonologist
  9252 | Bailey   | Noticed a kobold demonologist
  9263 | Bailey   | Killed a kobold demonologist
  9282 | Bailey   | Killed a kobold demonologist
  9306 | Bailey   | Noticed an orc knight
  9345 | Bailey   | Killed an orc knight
  9345 | Bailey   | Reached XP level 11. HP: 45/68 MP: 6/12
 10188 | D:9      | Noticed a manticore
 10205 | D:9      | Killed a manticore
 10400 | D:9      | Got a jewelled helmet
 10406 | D:9      | Identified the +1 helmet "Heqetote" {rElec MR++ Slay-6 SInv} (You found it on level 9 of the Dungeon)
 10775 | D:8      | Noticed JeffiDaFish's ghost (novice GrFi)
 10794 | D:8      | Killed JeffiDaFish's ghost
 10794 | D:8      | Reached skill level 10 in Maces & Flails
 10932 | D:8      | Found a blossoming altar of Fedhas.
 11290 | D:8      | Noticed an oklob plant
 11845 | D:8      | Killed an oklob plant
 11907 | D:8      | Received a gift from Okawaru
 12109 | D:10     | Noticed a hill giant
 12117 | D:10     | Killed a hill giant
 12236 | D:11     | Found a staircase to the Lair.
 12237 | D:11     | Noticed a hill giant
 12257 | D:11     | Killed a hill giant
 12875 | Lair:1   | Entered Level 1 of the Lair of Beasts
 12907 | Lair:1   | Noticed Sonja
 12934 | Lair:1   | Noticed a four-headed hydra
 12934 | Lair:1   | Killed Sonja
 12934 | Lair:1   | Reached ****** piety under Okawaru
 12934 | Lair:1   | Reached XP level 12. HP: 61/76 MP: 15/15
 12952 | Lair:1   | Killed a four-headed hydra
 12952 | Lair:1   | Reached skill level 10 in Armour
 13131 | Lair:1   | Received a gift from Okawaru
 13230 | Lair:1   | Reached skill level 5 in Invocations
 13378 | Lair:1   | Learned a level 2 spell: Blink
 13837 | Lair:2   | Noticed a six-headed hydra
 13853 | Lair:2   | Killed a six-headed hydra
 13853 | Lair:2   | Reached skill level 10 in Fighting
 13853 | Lair:2   | Reached skill level 10 in Shields
 14308 | Lair:2   | Noticed Gastronok
 14329 | Lair:2   | Killed Gastronok
 15144 | Lair:3   | Noticed Snorg
 15166 | Lair:3   | Killed Snorg
 15601 | Lair:3   | Found a staircase to the Snake Pit.
 15608 | Lair:3   | Reached XP level 13. HP: 83/84 MP: 17/17
 16345 | Lair:4   | Noticed Urug
 16360 | Lair:4   | Killed Urug
 16377 | Lair:4   | Received a gift from Okawaru
 16531 | Lair:4   | Found a staircase to the Shoals.
 17189 | Lair:5   | Lost mutation: You are somewhat resistant to further mutation. [potion of cure mutation]
 17206 | Lair:5   | Found an opulent altar of Gozag.
 17994 | Lair:5   | Found a staircase to the Slime Pits.
 18008 | Lair:5   | Received a gift from Okawaru
 18336 | Lair:6   | Entered Level 6 of the Lair of Beasts
 18398 | Lair:6   | Gained mutation: Your large and strong wings let you fly indefinitely. [Gargoyle growth]
 18398 | Lair:6   | Reached XP level 14. HP: 57/92 MP: 19/19
 18444 | Lair:6   | Received a gift from Okawaru
 18689 | Lair:6   | Got a jewelled hand crossbow {god gift}
 18697 | Lair:6   | Noticed Kirke
 18714 | Lair:6   | Killed Kirke
 18875 | Lair:6   | Received a gift from Okawaru
 20158 | D:12     | Found a staircase to the Orcish Mines.
 20500 | D:12     | Learned a level 5 spell: Bolt of Magma
 21066 | D:12     | Found a roughly hewn altar of Beogh.
 21368 | D:13     | Reached XP level 15. HP: 99/99 MP: 21/21
 21416 | D:13     | Found a gate to the Vaults.
 21474 | D:13     | Received a gift from Okawaru
 21822 | D:13     | Reached skill level 1 in Spellcasting
 21835 | D:13     | Reached skill level 1 in Conjurations
 22105 | D:14     | Reached skill level 1 in Translocations
 22118 | D:14     | Found a frozen archway.
 22133 | D:14     | Received a gift from Okawaru
 22262 | IceCv    | Entered an ice cave
 22586 | IceCv    | Found an ancient bone altar of Kikubaaqudgha.
 23107 | IceCv    | Identified the +6 hand crossbow "Ozogeegh" {elec, rN+ Str+2} (Okawaru gifted it to you on level 6 of the Lair of Beasts)
 24113 | D:15     | Entered Level 15 of the Dungeon
 24607 | D:15     | Received a gift from Okawaru
 24610 | D:15     | Identified the +9 morningstar of Lies {elec, *Drain Int+8 Stlth-} (Okawaru gifted it to you on level 15 of the Dungeon)
 25329 | D:15     | Found a staircase to the Depths.
 25419 | D:15     | Reached XP level 16. HP: 106/106 MP: 22/22
 25557 | Orc:1    | Entered Level 1 of the Orcish Mines
 25909 | Orc:1    | Found a radiant altar of Vehumet.
 26104 | Orc:1    | Found Olorgha's Book Shoppe.
 26261 | Orc:2    | Entered Level 2 of the Orcish Mines
 26292 | Orc:2    | Found Vaiwogom's Antique Armour Shoppe.
 26303 | Orc:2    | Found a staircase to the Elven Halls.
 26446 | Orc:2    | Noticed Azrael
 26461 | Orc:2    | Killed Azrael
 26817 | Orc:2    | Found Uroh Kem's General Store.
 26818 | Orc:2    | Found Voulitan's Distillery.
 27069 | Orc:2    | Bought 2 potions of agility for 112 gold pieces
 27069 | Orc:2    | Bought 2 potions of heal wounds for 140 gold pieces
 27069 | Orc:2    | Bought a potion of agility for 56 gold pieces
 27069 | Orc:2    | Bought a potion of might for 56 gold pieces
 27284 | Orc:2    | Received a gift from Okawaru
 27417 | Orc:2    | Found Rastroxt's Antique Weapon Shop.
 27417 | Orc:2    | Found a one-way gate leading to the halls of Pandemonium.
 27417 | Orc:2    | Found Qebbonor's Book Boutique.
 27812 | Orc:2    | Bought a pair of boots for 112 gold pieces
 28044 | Snake:1  | Entered Level 1 of the Snake Pit
 28088 | Snake:1  | Reached skill level 5 in Dodging
 28094 | Snake:1  | Received a gift from Okawaru
 29339 | Snake:2  | Noticed Vashnia
 29388 | Snake:2  | Killed Vashnia
 29388 | Snake:2  | Received a gift from Okawaru
 29388 | Snake:2  | Reached skill level 15 in Maces & Flails
 29821 | Snake:2  | Found Oseklauh's General Store.
 29902 | Snake:2  | Reached XP level 17. HP: 112/112 MP: 23/23
 29981 | Snake:2  | Noticed Roxanne
 30007 | Snake:2  | Killed Roxanne
 30481 | Snake:2  | Reached skill level 15 in Fighting
 31348 | Snake:3  | Received a gift from Okawaru
 31365 | Snake:3  | Noticed Aizul
 31375 | Snake:3  | Killed Aizul
 31387 | Snake:3  | Reached skill level 15 in Armour
 31880 | Snake:3  | Received a gift from Okawaru
 32415 | Snake:4  | Entered Level 4 of the Snake Pit
 32592 | Snake:4  | Noticed Jorgrun
 32625 | Snake:4  | Killed Jorgrun
 32752 | Snake:4  | Reached skill level 5 in Spellcasting
 32835 | Snake:4  | Reached XP level 18. HP: 92/120 MP: 25/25
 32889 | Snake:4  | Noticed Asterion
 32928 | Snake:4  | Killed Asterion
 32955 | Snake:4  | Reached skill level 5 in Translocations
 32965 | Snake:4  | Received a gift from Okawaru
 32984 | Snake:4  | Killed from afar by a shock serpent

Skill      XL: |  1  2  3  4  5  6  7  8  9 10 11 12 13 14 15 16 17 18 |
---------------+-------------------------------------------------------+-----
Shields        | 4 5 6 7 9 10 11 12 13 14 | 14.3
Armour         | 4 5 6 7 8 9 11 12 13 14 15 | 15.5
Maces & Flails | 3 4 5 6 8 9 10 11 12 13 14 15 | 15.6
Fighting       | 4 5 6 7 9 10 12 13 14 15 | 15.8
Dodging        | 1 2 3 4 5 6 |  6.3
Stealth        | 1 2 |  2.1
Invocations    | 2 4 6 7 8 9 |  9.7
Spellcasting   | 2 4 5 |  5.3
Conjurations   | 3 4 |  4.0
Translocations | 2 3 4 5 |  5.0

Action                   |  1- 3 |  4- 6 |  7- 9 | 10-12 | 13-15 | 16-18 || total
-------------------------+-------+-------+-------+-------+-------+-------++-------
Melee: Flail             |   104 |   182 |       |       |       |       ||   286
       Whip              |       |       |   349 |   866 |   113 |       ||  1328
       Eveningstar       |       |       |       |       |  1423 |       ||  1423
       Morningstar       |       |       |       |       |    82 |  1152 ||  1234
Invok: Heroism           |       |       |     1 |       |       |       ||     1
       Finesse           |       |       |       |     2 |       |     7 ||     9
 Abil: Fly               |       |       |       |       |       |     1 ||     1
Evoke: Wand              |       |       |       |    21 |       |     1 ||    22
  Use: Potion            |     4 |     6 |     6 |     6 |     8 |     4 ||    34
       Scroll            |     4 |     5 |     3 |    17 |     9 |     3 ||    41
 Stab: Petrified         |       |       |       |       |     4 |       ||     4
  Eat: Chunk             |     1 |     8 |     9 |    21 |    31 |    20 ||    90
       Meat ration       |       |       |     1 |     1 |       |       ||     2
       Royal jelly       |       |       |       |       |     1 |     3 ||     4
Armor: Scale mail        |    35 |    81 |       |       |       |       ||   116
       Chain mail        |       |    51 |    98 |       |       |       ||   149
       Fire dragon scale |       |       |    30 |   104 |       |       ||   134
       Crystal plate arm |       |       |       |   226 |  1194 |   569 ||  1989
Dodge: Dodged            |    27 |    64 |    85 |   147 |   739 |   411 ||  1473
Block: Shield            |    46 |   116 |   169 |   373 |  1259 |   887 ||  2850
